 Dungeon Crawl Stone Soup version 0.30.0 (webtiles) character file.

Game seed: 14759377756687321321

63 Ayyar the Grasshopper (level 4, -3/38 HPs)
             Began as a Gnoll Warper on Oct 13, 2023.
             Slain by Grinder (4 damage)
             ... while paralysed by Grinder
             ... on level 3 of the Dungeon.
             The game lasted 00:09:41 (1829 turns).

Ayyar the Grasshopper (Gnoll Warper)                Turns: 1829, Time: 00:09:42

Health: -3/38      AC:  3    Str: 12    XL:     4   Next: 10%
Magic:  11/11      EV:  2    Int: 13    God:
Gold:   49         SH:  0    Dex: 11    Spells: 13/13 levels left

rFire   . . .        a - +0 spear
rCold   . . .        (no shield)
rNeg    . . .        b - +0 leather armour
rPois   .            (no helmet)
rElec   .            (no cloak)
rCorr   .            (no gloves)
SInv    .            (no boots)
Will    .....        (no amulet)
Stlth   +            (no ring)
HPRegen 0.26/turn    (no ring)
MPRegen 0.12/turn

%: no passive effects
@: paralysed, mighty
A: fangs 1, strong nose, distributed training
a: no special abilities


You were on level 3 of the Dungeon.
You visited 1 branch of the dungeon, and saw 3 of its levels.

You collected 49 gold pieces.

Inventory:

Hand Weapons
 a - a +0 spear (weapon)
Missiles
 d - 2 boomerangs of dispersal
 h - a poisoned dart (quivered)
Armour
 b - a +0 leather armour (worn)
Jewellery
 g - a +4 ring of protection
Scrolls
 c - a scroll of blinking
 e - 2 scrolls of amnesia {unknown}
 f - 4 scrolls of identify {unknown}
 i - 2 scrolls of vulnerability {unknown}
 k - a scroll of enchant armour {unknown}
Potions
 j - a potion of might
 l - a potion of lignification {unknown}


   Skills:
 + Level 4.6 Fighting
 + Level 1.1 Short Blades
 + Level 1.1 Long Blades
 + Level 1.1 Axes
 + Level 1.1 Maces & Flails
 + Level 4.6 Polearms
 + Level 1.1 Staves
 + Level 1.1 Ranged Weapons
 + Level 2.7 Throwing
 + Level 2.7 Armour
 + Level 4.6 Dodging
 + Level 1.1 Stealth
 + Level 1.1 Shields
 + Level 1.1 Unarmed Combat
 + Level 5.0 Spellcasting
 + Level 0.8 Conjurations
 + Level 0.8 Hexes
 + Level 0.8 Summonings
 + Level 0.8 Necromancy
 + Level 5.4 Translocations
 + Level 0.8 Transmutations
 + Level 0.8 Fire Magic
 + Level 0.8 Ice Magic
 + Level 0.8 Air Magic
 + Level 0.8 Earth Magic
 + Level 0.8 Poison Magic
 + Level 1.2 Invocations
 + Level 1.1 Evocations


You had 13 spell levels left.
You didn't know any spells.
Your spell library contained the following spells:

 Spells                   Type           Power      Damage    Failure   Level
 Blink                    Tloc           34%        N/A       3%          2
 Lesser Beckoning         Tloc           34%        N/A       3%          2
 Teleport Other           Tloc           17%        N/A       8%          3
 Vhi's Electric Charge    Tloc/Air       22%        N/A       19%         3
 Manifold Assault         Tloc           17%        N/A       24%         4


Dungeon Overview and Level Annotations

Branches:
Dungeon (3/15)

Altars:
Cheibriados

Annotations:
D:3 Grinder


Innate Abilities, Weirdness & Mutations

You have very sharp teeth.
Your uncanny sense of smell can sniff out nearby items.
Your experience applies equally to all skills.


Message History

It was a potion of might.
You feel very mighty all of a sudden.
Grinder blinks!
You hit Grinder.
Grinder is lightly wounded.
Grinder completely misses you.
You barely miss Grinder.
Grinder is lightly wounded.
Grinder gestures at you. You resist with significant effort.
You hit Grinder.
Grinder is moderately wounded.
Grinder barely misses you.
You closely miss Grinder.
Grinder is moderately wounded.
Grinder closely misses you.
You completely miss Grinder. Your bite misses Grinder.
Grinder is moderately wounded.
You barely miss Grinder.
Grinder is moderately wounded.
Grinder hits you.
You writhe in agony.
* * * LOW HITPOINT WARNING * * *
You hit Grinder.
Grinder is moderately wounded.
Grinder hits you but does no damage.
You closely miss Grinder. You bite Grinder.
Grinder is heavily wounded.
Grinder hits you.
* * * LOW HITPOINT WARNING * * *
You writhe in agony.
* * * LOW HITPOINT WARNING * * *
You closely miss Grinder.
Grinder is heavily wounded.
Grinder gestures at you.
You suddenly lose the ability to move!
Grinder blinks!
Grinder hits you.
* * * LOW HITPOINT WARNING * * *
Grinder hits you.
You die...

############.#
#.# #.# #.#
##.######
#####.......#
#.......###(#
#####.#####.#
#####.#...@5#
#.....#.######
.............##
...............
#)#...#.####.##
###...#.# ..
#...#.# #5..#.#
### ....'..


You could see Grinder.

Vanquished Creatures
  An adder (D:2)
  6 bats
  6 endoplasms
  A giant cockroach (D:1)
  6 goblins
  6 hobgoblins
  3 jackals (D:3)
  4 quokkas
  4 ball pythons
  5 frilled lizards
  5 kobolds (D:1)
  2 rats (D:1)
49 creatures vanquished.

Vanquished Creatures (others)
  A fungus (D:3)
1 creature vanquished.

Grand Total: 50 creatures vanquished

Notes
Turn   | Place    | Note
-------+----------+-------------------------------------------
     0 | D:1      | Ayyar the Gnoll Warper began the quest for the Orb.
     0 | D:1      | Reached XP level 1. HP: 20/20 MP: 6/6
   120 | D:1      | Reached XP level 2. HP: 11/26 MP: 7/7
   335 | D:1      | Reached skill level 5 in Spellcasting
   335 | D:1      | Reached XP level 3. HP: 31/31 MP: 7/9
   517 | D:1      | Reached skill level 1 in Invocations
   815 | D:2      | Found a snail-covered altar of Cheibriados.
   857 | D:2      | Found a faded altar of an unknown god.
  1174 | D:2      | Reached skill level 1 in Short Blades
  1174 | D:2      | Reached skill level 1 in Long Blades
  1174 | D:2      | Reached skill level 1 in Axes
  1174 | D:2      | Reached skill level 1 in Maces & Flails
  1174 | D:2      | Reached skill level 1 in Staves
  1174 | D:2      | Reached skill level 1 in Ranged Weapons
  1174 | D:2      | Reached skill level 1 in Stealth
  1174 | D:2      | Reached skill level 1 in Shields
  1174 | D:2      | Reached skill level 1 in Unarmed Combat
  1174 | D:2      | Reached skill level 1 in Evocations
  1267 | D:2      | Reached XP level 4. HP: 20/38 MP: 11/11
  1650 | D:3      | Noticed Grinder
  1825 | D:3      | HP: 1/38 [Grinder (5)]
  1826 | D:3      | Paralysed by Grinder for 4 turns
  1829 | D:3      | Slain by Grinder

Illustrated notes

Levels and vault maps discovered:
D:1:      minmay_arrival_wavy_path, layout_basic, minmay_hexomino_f4
D:2:      layout_basic, ebering_ecumenical_altar_webs, basic_altar
D:3:      layout_basic, uniq_sigmund, uniq_robin, uniq_grinder,
          uniq_crazy_yiuf_cottage

Skill      XL: |  1  2  3 |
---------------+----------+-----
Spellcasting   | 5 |  5.0
Invocations    | 1 |  1.2
Short Blades   | 1 |  1.1
Long Blades    | 1 |  1.1
Axes           | 1 |  1.1
Maces & Flails | 1 |  1.1
Staves         | 1 |  1.1
Ranged Weapons | 1 |  1.1
Stealth        | 1 |  1.1
Shields        | 1 |  1.1
Unarmed Combat | 1 |  1.1
Evocations     | 1 |  1.1
Fighting       | |  4.6
Polearms       | |  4.6
Throwing       | |  2.7
Armour         | |  2.7
Dodging        | |  4.6
Conjurations   | |  0.8
Hexes          | |  0.8
Summonings     | |  0.8
Necromancy     | |  0.8
Translocations | |  5.4
Transmutations | |  0.8
Fire Magic     | |  0.8
Ice Magic      | |  0.8
Air Magic      | |  0.8
Earth Magic    | |  0.8
Poison Magic   | |  0.8

Action                     |  1- 3 |  4- 6 || total
---------------------------+-------+-------++-------
  Melee: Spear             |   153 |    25 ||   178
         Bite              |    13 |     4 ||    17
  Throw: Dart              |    19 |     1 ||    20
         Boomerang         |     5 |       ||     5
    Use: Potion            |       |     1 ||     1
   Stab: Sleeping          |     1 |     2 ||     3
 Armour: Leather armour    |    33 |     2 ||    35
  Dodge: Dodged            |    94 |    11 ||   105
